 Dungeon Crawl Stone Soup version 0.20-a0-1042-g33e7df7 (webtiles) character file.

2540 Fuzzwah the Cleaver (level 9, -1/118 HPs)
             Began as a Minotaur Berserker on Apr 23, 2017.
             Was an Elder of Trog.
             Slain by a killer bee (3 damage)
             ... on level 8 of the Dungeon.
             The game lasted 00:21:47 (6461 turns).

Fuzzwah the Cleaver (Minotaur Berserker)            Turns: 6461, Time: 00:21:48

Health: -1/118     AC:  6    Str: 27    XL:     9   Next: 30%
Magic:  8/8        EV: 12    Int:  4    God:    Trog [****..]
Gold:   312        SH:  8    Dex: 13    Spells: 8/8 levels left

rFire    . . .     SeeInvis .   t - +0 war axe
rCold    . . .     Gourm    +   j - +0 shield
rNeg     . . .     Faith    .   a - +0 leather armour (curse)
rPois    .         Spirit   .   (helmet restricted)
rElec    .         Reflect  .   r - +0 cloak
rCorr    .         Harm     .   (no gloves)
MR       .....                  o - +0 pair of boots
Stlth    ..........             v - amulet of the gourmand {Gourm, !d}
Regen    0.3/turn               (no ring)
MPRegen  0.2/turn               (no ring)

@: berserking, lethally poisoned (-1 -> -27), very quick
A: retaliatory headbutt, horns 2
a: Berserk, Trog's Hand, Brothers in Arms, Burn Spellbooks, Renounce Religion


You were on level 8 of the Dungeon.
You worshipped Trog.
Trog was greatly pleased with you.
You were not hungry.

You visited 1 branch of the dungeon, and saw 8 of its levels.

You collected 312 gold pieces.

Inventory:

Hand Weapons
 f - a +1 flail of crushing
   (You took it off an orc on level 3 of the Dungeon)
 t - a +0 war axe (weapon)
   (You found it on level 7 of the Dungeon)
 w - a +0 war axe
   (You took it off an orc on level 6 of the Dungeon)
Missiles
 y - 3 javelins of penetration (quivered)
Armour
 a - a cursed +0 leather armour (worn)
   (You found it on level 6 of the Dungeon)
 e - a +0 scale mail
   (You took it off an orc on level 3 of the Dungeon)
 j - a +0 shield (worn)
   (You found it on level 2 of the Dungeon)
 o - a +0 pair of boots (worn)
   (You found it on level 6 of the Dungeon)
 r - a +0 cloak (worn)
   (You took it off Crazy Yiuf on level 4 of the Dungeon)
 z - a +0 chain mail
   (You took it off an orc on level 7 of the Dungeon)
Jewellery
 v - an amulet of the gourmand (around neck) {Gourm, !d}
   (You found it on level 6 of the Dungeon)
Wands
 n - a wand of paralysis (15/24)
   (You took it off a kobold on level 3 of the Dungeon)
Scrolls
 b - a scroll of fear
 g - 2 scrolls of recharging
 p - a scroll of amnesia {unknown}
 q - a scroll of teleportation
 s - a scroll of enchant weapon
 u - a scroll of random uselessness {unknown}
 x - a scroll of immolation {!r}
Potions
 d - a potion of brilliance
 k - 2 potions of ambrosia
 l - 4 potions of curing
 m - 3 potions of haste
 A - a potion of resistance {unknown}
Comestibles
 c - 3 bread rations {@e1}
 h - 4 royal jellies
 i - 2 meat rations {@e2}


   Skills:
 + Level 7.2 Fighting
 * Level 9.9 Axes
 * Level 8.7 Armour
 + Level 5.8 Dodging


You had 8 spell levels left.
You didn't know any spells.

Dungeon Overview and Level Annotations

Branches:
Dungeon (8/15)             Temple (0/1) D:5
   Lair: D:8-11

Altars:
Kikubaaqudgha
Ru
Vehumet


Innate Abilities, Weirdness & Mutations

You reflexively headbutt those who attack you in melee.
You have a pair of horns on your head.


Message History

You miss the killer bee. You closely miss the killer bee.
You feel sick. The killer bee closely misses you.
The killer bee stings you but does no damage.
The killer bee closely misses you. You furiously retaliate!
You headbutt the killer bee. The killer bee barely misses you.
You furiously retaliate!
You headbutt the killer bee. The killer bee closely misses you.
The killer bee stings you.
You take 2 damage, and have 53/78 hp.
The killer bee buzzes angrily.
You slash the killer bee!
You kill the killer bee!
Trog accepts your kill.
Your Fighting skill increases to level 7!
You miss the killer bee.
You feel sick. The killer bee misses you. The killer bee barely misses you.
The killer bee misses you.
You barely miss the killer bee. You hit the killer bee.
You feel the effects of Trog's Hand fading.
You feel sick.
The killer bee stings you but does no damage.
The killer bee stings you. x2 2 killer bees come into view.
You take 6 damage, and have 47/79 hp.
You are too injured to fight recklessly!
A red film seems to cover your vision as you go berserk!
You feel yourself moving faster!
You feel mighty!
You feel quite a bit more hungry.
You feel sick.
The killer bee buzzes angrily. x2
The killer bee stings you.
You are more poisoned.
The killer bee poisons you! The killer bee stings you.
You are more poisoned.
The killer bee poisons you! The killer bee misses you. You furiously retaliate!
You headbutt the killer bee! The killer bee misses you.
The killer bee stings you.
A killer bee comes into view.
You now have 53/118 hp.
You completely miss the killer bee. Your headbutt misses the killer bee.
You slash the killer bee! You closely miss the killer bee.
You feel sick. The killer bee stings you. You block the killer bee's attack.
The killer bee stings you.
You take 9 damage, and have 44/118 hp.
You miss the killer bee. You headbutt the killer bee.
You completely miss the killer bee. You slash the killer bee!
You kill the killer bee!
Trog accepts your kill.
You feel sick. You block the killer bee's attack. The killer bee stings you.
You take 3 damage, and have 41/118 hp.
You slice the killer bee!!
You feel the power of Trog in you as your rage grows.
You kill the killer bee!
Trog accepts your kill.
You closely miss the killer bee. You slash the killer bee!
You feel sick. The killer bee stings you. The killer bee stings you!
* * * LOW HITPOINT WARNING * * *
The killer bee stings you.
* * * LOW HITPOINT WARNING * * *
You take 13 damage, and have 28/118 hp.
You closely miss the killer bee. You headbutt the killer bee.
You closely miss the killer bee. x2
You feel very sick. The killer bee misses you.
You block the killer bee's attack. x2
The killer bee stings you.
* * * LOW HITPOINT WARNING * * *
The killer bee misses you. The killer bee closely misses you.
You take 4 damage, and have 24/118 hp.
You miss the killer bee. Your headbutt misses the killer bee.
Your shield prevents you from hitting the killer bee.
You closely miss the killer bee.
Your skin stops crawling.
You feel less resistant to hostile enchantments.
* * * LOW HITPOINT WARNING * * *
You feel sick. The killer bee stings you!
* * * LOW HITPOINT WARNING * * *
The killer bee stings you but does no damage.
The killer bee stings you.
* * * LOW HITPOINT WARNING * * *
A killer bee comes into view.
You take 14 damage, and have 10/118 hp.
You closely miss the killer bee. Your headbutt misses the killer bee.
Your shield prevents you from hitting the killer bee.
You miss the killer bee.
* * * LOW HITPOINT WARNING * * *
You feel very sick.
You block the killer bee's attack. x4; The killer bee closely misses you.
You furiously retaliate!
You headbutt the killer bee.
You feel the power of Trog in you as your rage grows.
You kill the killer bee!
Trog accepts your kill. The killer bee stings you.
* * * LOW HITPOINT WARNING * * *
You are more poisoned.
The killer bee poisons you!
You take 6 damage, and have 4/118 hp.
You slash the killer bee!
You kill the killer bee!
Trog accepts your kill.
You hit the killer bee.
* * * LOW HITPOINT WARNING * * *
You feel sick. You block the killer bee's attack. The killer bee stings you.
You die...

##### ......
......##########
#......yy......##
#.(y.y<@.......#
#.#...########..#
##. #


You could see 4 killer bees.

Vanquished Creatures
  The ghost of Lookapuppie the Skirmisher, an amateur MiFi (D:4)
  A wyvern (D:5)
  An ice beast (D:4)
  A black bear (D:7)
  A phantom (D:6)
  An orc warrior (D:7)
  3 ogres
  A centaur (D:5)
  3 bullfrogs (D:7)
  2 scorpions
  6 killer bees (D:8)
  5 wights (D:7)
  A howler monkey (D:4)
  3 crimson imps
  An orc wizard (D:7)
  6 orc priests
  A bullfrog skeleton (D:6)
  2 hounds
  Crazy Yiuf (D:4)
  2 worker ants
  A hound zombie (D:7)
  2 hound skeletons
  A worker ant zombie (D:5)
  10 adders
  An ooze (D:4)
  3 adder skeletons (D:6)
  An adder zombie (D:7)
  4 worms
  3 dart slugs
  5 leopard geckos
  21 orcs
  5 giant cockroaches
  9 goblins
  8 hobgoblins
  12 jackals
  4 quokkas
  16 bats
  7 frilled lizards
  12 kobolds
  A leopard gecko skeleton (D:4)
  A leopard gecko zombie (D:5)
  9 rats
179 creatures vanquished.

Vanquished Creatures (others)
  A worm (D:3)
1 creature vanquished.

Grand Total: 180 creatures vanquished

Notes
Turn   | Place    | Note
-------+----------+-------------------------------------------
     0 | D:1      | Fuzzwah the Minotaur Berserker began the quest for the Orb.
     0 | D:1      | Reached XP level 1. HP: 19/19 MP: 0/0
   121 | D:1      | Reached XP level 2. HP: 20/27 MP: 1/1
   132 | D:1      | Reached skill level 4 in Axes
   342 | D:1      | Reached skill level 3 in Armour
   507 | D:1      | Reached XP level 3. HP: 33/33 MP: 2/2
   727 | D:1      | Reached ** piety under Trog
   855 | D:2      | Upgraded the game from 0.20-a0-1040-gfd09691 to 0.20-a0-1042-g33e7df7
  1108 | D:2      | HP: 7/33 [worm (6)]
  1386 | D:2      | Reached XP level 4. HP: 40/40 MP: 3/3
  1449 | D:2      | Found a sacrificial altar of Ru.
  1467 | D:2      | Reached skill level 5 in Axes
  1795 | D:2      | Reached skill level 4 in Armour
  2120 | D:3      | Found a radiant altar of Vehumet.
  2157 | D:3      | Reached skill level 4 in Fighting
  2210 | D:3      | Reached *** piety under Trog
  2256 | D:3      | Reached XP level 5. HP: 46/46 MP: 4/4
  2258 | D:3      | Found an ancient bone altar of Kikubaaqudgha.
  2832 | D:3      | Paralysed by a kobold for 6 turns
  3105 | D:4      | Reached skill level 3 in Dodging
  3108 | D:3      | Reached skill level 5 in Armour
  3108 | D:3      | Reached XP level 6. HP: 53/53 MP: 5/5
  3334 | D:4      | Reached skill level 6 in Axes
  3568 | D:4      | Noticed an ice beast
  3579 | D:4      | Killed an ice beast
  3986 | D:4      | Found a runed door.
  4086 | D:4      | Noticed Crazy Yiuf
  4086 | D:4      | Noticed Lookapuppie's ghost (amateur MiFi)
  4092 | D:4      | Killed Lookapuppie's ghost
  4092 | D:4      | Reached skill level 5 in Fighting
  4092 | D:4      | Reached XP level 7. HP: 61/61 MP: 6/6
  4094 | D:4      | Killed Crazy Yiuf
  4094 | D:4      | Reached skill level 6 in Armour
  4133 | D:5      | Entered Level 5 of the Dungeon
  4146 | D:5      | Reached **** piety under Trog
  4237 | D:5      | Reached skill level 7 in Axes
  4377 | D:5      | Reached skill level 4 in Dodging
  4440 | D:5      | Noticed a wyvern
  4446 | D:5      | Killed a wyvern
  4643 | D:5      | Found a staircase to the Ecumenical Temple.
  4654 | D:5      | Reached XP level 8. HP: 57/70 MP: 7/7
  4697 | D:6      | Reached skill level 7 in Armour
  4959 | D:6      | Reached skill level 8 in Axes
  4989 | D:6      | Reached skill level 6 in Fighting
  5192 | D:7      | Reached skill level 5 in Dodging
  5469 | D:7      | Reached skill level 9 in Axes
  5588 | D:7      | Reached skill level 8 in Armour
  5590 | D:7      | Received a gift from Trog
  5591 | D:7      | Reached ***** piety under Trog
  5591 | D:7      | Reached XP level 9. HP: 78/78 MP: 8/8
  6452 | D:8      | Reached skill level 7 in Fighting
  6457 | D:8      | HP: 29/118 [killer bee (9)]
  6459 | D:8      | HP: 10/118 [killer bee (6)]
  6460 | D:8      | HP: 4/118 [killer bee (4)]
  6461 | D:8      | Slain by a killer bee

Vault maps used:
D:1:      dpeg_arrival_court
D:2:      nicolae_ru_great_annihilating_truth, first_bread, minmay_hexomino_f4
D:3:      lemuel_doored_altar, fiery_altar_vehumet, kennysheep_generic_room_14
D:4:      uniq_crazy_yiuf_cottage
D:5:      minmay_temple_entry_fiery
D:8:      nicolae_qazlal_eye_of_the_storm, david_nohive_1

Skill      XL: |  1  2  3  4  5  6  7  8  9 |
---------------+----------------------------+-----
Axes           | 4 5 6 7 9 |  9.9
Armour         | 3 4 5 6 8 |  8.7
Fighting       | 4 5 6 7 |  7.2
Dodging        | 3 4 5 |  5.8

Action                   |  1- 3 |  4- 6 |  7- 9 || total
-------------------------+-------+-------+-------++-------
Melee: Hand axe          |    93 |    88 |       ||   181
       Headbutt          |    12 |    23 |    32 ||    67
       Flail             |       |    58 |    77 ||   135
       War axe           |       |       |    80 ||    80
Throw: Javelin           |       |       |    15 ||    15
Invok: Berserk           |     1 |     1 |     3 ||     5
       Trog's Hand       |       |       |     1 ||     1
  Use: Scroll            |       |     8 |     4 ||    12
 Stab: Paralysed         |       |     1 |       ||     1
  Eat: Chunk             |     2 |     5 |     7 ||    14
       Meat ration       |       |     1 |       ||     1
       Fruit             |       |       |     7 ||     7
Armor: Animal skin       |    29 |    12 |       ||    41
       Scale mail        |       |    33 |    23 ||    56
       Leather armour    |       |       |    13 ||    13
Dodge: Dodged            |    64 |    60 |    98 ||   222
Block: Shield            |       |    57 |    62 ||   119

Vault maps used:
D:1:      dpeg_arrival_court
D:2:      nicolae_ru_great_annihilating_truth, first_bread, minmay_hexomino_f4
D:3:      lemuel_doored_altar, fiery_altar_vehumet, kennysheep_generic_room_14
D:4:      uniq_crazy_yiuf_cottage
D:5:      minmay_temple_entry_fiery
D:8:      nicolae_qazlal_eye_of_the_storm, david_nohive_1

Table legend:
 A = Turns spent in this place as a percentage of turns spent in the entire game.
 B = Non-inter-level travel turns spent in this place as a percentage of non-inter-level travel turns spent in the entire game.
 C = Inter-level travel turns spent in this place as a percentage of turns spent in this place.
 D = Turns resting spent in this place as a percentage of non-inter-level travel turns spent in this place.
 E = Turns spent auto-exploring this place as a percentage of non-inter-level travel turns spent in this place.
 F = Non-inter-level travel turns spent in this place divided by the number of levels of this place that you've seen.
                   A       B       C       D       E      F
               +-------+-------+-------+-------+-------+----------------------
         Total | 100.0 | 100.0 |   0.6 |   3.4 |  15.8 | 150.6
       Dungeon | 100.0 | 100.0 |   0.6 |   3.4 |  15.8 | 150.6
               +-------+-------+-------+-------+-------+----------------------

Table legend:
 A = Kills in this place as a percentage of kills in entire the game.
 B = Kills by you in this place as a percentage of kills by you in the entire game.
 C = Kills by friends in this place as a percentage of kills by friends in the entire game.
 D = Other kills in this place as a percentage of other kills in the entire game.
 E = Experience gained in this place as a percentage of experience gained in the entire game.
 F = Experience gained in this place divided by the number of levels of this place that you have seen.
                   A       B       C       D       E      F
               +-------+-------+-------+-------+-------+----------------------
         Total | 100.0 | 100.0 |  -nan |  -nan | 100.0 | 453.6
       Dungeon | 100.0 | 100.0 |  -nan |  -nan | 100.0 | 453.6
               +-------+-------+-------+-------+-------+----------------------
